Map: Одиссея РВ

Players

Murena

  • Race: Terran Terran
  • Spawn Location: 11:00

ИИ 1 (эксперт) - Winner!

  • Race: Protoss Protoss
  • Spawn Location: 5:00

VOD

Have the link to the VOD?

Description

Time

  • Played on: April 17, 2019, 1:46 p.m.
  • Length: 8:38
Show
View Real Time Build Order
Export as new Build Order

Murena Terran 

Build Orders:  

Get SALT Encoding   

  12  0:00  SCV  
  13  0:13  SCV  
  14  0:19  Supply Depot  
  14  0:26  SCV  
  15  0:42  Barracks  
  15  0:43  SCV  
  16  0:52  Barracks  
  16  0:56  SCV  
  17  1:08  SCV  
  18  1:12  Supply Depot, Refinery  
  18  1:21  SCV  
  19  1:29  Marine  
  20  1:33  Orbital Command  
  20  1:38  Marine  
  21  1:47  Marine  
  22  1:56  Marine  
  22  1:58  SCV  
  24  2:05  Marine  
  25  2:11  SCV  
  25  2:15  Marine  
  27  2:20  Command Center  
  27  2:24  Barracks Reactor  
  27  2:26  SCV  
  28  2:32  Supply Depot  
  28  2:33  Barracks Tech Lab  
  28  2:38  SCV  
  29  2:53  Barracks, Marauder  
  29  2:54  SCV  
  29  2:57  Supply Depot  
  32  3:00  Marine  
  32  3:01  Marine  
  34  3:06  Combat Shield  
  34  3:09  SCV  
  35  3:15  Marauder  
  35  3:19  Marine x2  
  39  3:22  SCV  
  40  3:30  Supply Depot  
  40  3:34  Orbital Command  
  40  3:41  Marauder  
  42  3:43  Barracks Tech Lab  
  42  3:46  SCV  
  43  3:50  Marine x2  
  45  3:58  SCV  
  45  4:01  SCV  
  45  4:02  Refinery  
  47  4:03  Marauder  
  47  4:04  Marine  
  47  4:08  Marine  
  47  4:09  Marine  
  52  4:11  Concussive Shells  
  52  4:12  SCV  
  52  4:14  SCV  
  54  4:21  Bunker  
  54  4:26  SCV  
  54  4:27  Marine, Marauder  
  54  4:28  Marine  
  54  4:30  Marauder  
  61  4:31  SCV  
  62  4:39  SCV  
  62  4:44  Engineering Bay  
  63  4:45  SCV  
  63  4:47  Factory  
  63  4:48  Marine x2  
  63  4:51  Marauder  
  68  4:54  SCV  
  68  4:56  Marine  
  70  5:03  Supply Depot  
Show
View Real Time Build Order
Export as new Build Order

ИИ 1 (эксперт) Protoss - Winner!

Build Orders: Colossus Rush 

Get SALT Encoding   

  12  0:00  Probe  
  13  0:13  Probe  
  14  0:20  Pylon  
  14  0:25  Probe  
  15  0:34  Probe  
  15  0:42  Probe  
  16  0:47  Assimilator  
  17  0:50  Gateway  
  17  0:52  Probe  
  18  1:00  Probe  
  18  1:02  Pylon  
  18  1:08  Probe  
  20  1:18  Probe  
  21  1:30  Probe  
  22  1:37  Cybernetics Core  
  22  1:39  Zealot  
  24  1:42  Probe  
  25  1:59  Nexus  
  25  2:00  Probe  
  26  2:08  Probe  
  27  2:16  Warp Gate  
  27  2:17  Stalker  
  27  2:18  Probe  
  30  2:30  Probe  
  30  2:31  Pylon  
  31  2:41  Gateway  
  31  2:44  Assimilator  
  31  2:47  Adept  
  31  2:49  Probe  
  34  2:59  Pylon  
  34  3:01  Probe  
  35  3:07  Probe  
  35  3:11  Adept  
  36  3:13  Probe  
  36  3:15  Probe  
  40  3:27  Robotics Facility  
  40  3:29  Adept  
  40  3:31  Probe  
  40  3:34  Probe  
  32  3:41  Adept  
  44  3:44  Probe  
  44  3:46  Probe  
  48  3:54  Adept  
  48  3:56  Probe  
  48  3:58  Probe  
  52  4:08  Probe  
  53  4:10  Probe  
  53  4:15  Pylon  
  54  4:17  Robotics Bay, Observer  
  54  4:19  Adept  
  54  4:20  Probe  
  54  4:22  Probe  
  59  4:26  Robotics Facility  
  59  4:29  Pylon  
  59  4:32  Probe, Stalker  
  62  4:39  Stalker  
  62  4:41  Probe  
  62  4:44  Probe, Pylon  
  66  5:06  Gateway  
  66  5:12  Pylon  
  66  5:13  Zealot  
  68  5:15  Colossus  
  68  5:16  Zealot  
  76  5:30  Pylon, Zealot  
  76  5:33  Stalker  
  75  5:35  Probe  
  75  5:37  Assimilator  
  63  5:47  Zealot  
  63  5:48  Twilight Council  
  63  5:49  Assimilator  
  59  5:54  Probe  
  59  5:56  Zealot  
  58  6:00  Probe, Adept  
  59  6:06  Probe  
  59  6:07  Zealot  
  59  6:11  Probe  
  61  6:16  Adept  
  63  6:18  Probe  
  63  6:19  Probe  
  63  6:21  Zealot  
  61  6:28  Zealot  
  61  6:29  Templar Archives  
  61  6:30  Probe  
  62  6:34  Zealot  
  62  6:37  Zealot  
  60  6:48  Zealot  
  60  6:51  Zealot  
  62  6:57  Zealot  
  62  7:08  High Templar  
  64  7:09  Forge  
  64  7:11  Zealot  
  64  7:14  Forge, Nexus  
  66  7:17  Sentry  
  66  7:21  Observer  
  65  7:31  Sentry  
  65  7:35  Zealot x2  
  71  7:41  Pylon  
  71  7:46  Gateway  
  71  7:50  Adept, Zealot  
  73  7:54  Adept  
  75  8:02  Photon Cannon  
  79  8:10  Pylon, Zealot, Stalker  
  85  8:14  High Templar  
  83  8:28  Archon  
  83  8:30  Adept  
  83  8:33  Zealot  
Tags
 
Add a new tag
Caveats
  • Supply blocks, unpowered buildings, or Contaminate may cause inaccurate times.
  • Supply counts are checked every 10 seconds.